 Dungeon Crawl Stone Soup version 0.23.1 (webtiles) character file.

Game seed: 3402411335549888155

13064 poirepourri the Cleaver (level 11, -19/104 HPs)
             Began as a Minotaur Fighter on Mar 8, 2019.
             Was a High Priest of Okawaru.
             Killed from afar by a lindwurm (25 damage)
             ... with a blast of flame
             ... summoned by Kirke
             ... on level 12 of the Dungeon.
             The game lasted 00:12:14 (11102 turns).

poirepourri the Cleaver (Minotaur Fighter)         Turns: 11102, Time: 00:12:15

Health: -19/104    AC:  0    Str: 25    XL:     11   Next: 70%
Magic:  10/10      EV: 13    Int:  5    God:    Okawaru [*****.]
Gold:   585        SH:  0    Dex: 14    Spells: 10/10 levels left

rFire    . . .     SeeInvis .   (weapon currently unavailable)
rCold    . . .     Gourm    .   (shield currently unavailable)
rNeg     . . .     Faith    .   (armour currently unavailable)
rPois    .         Spirit   .   (helmet currently unavailable)
rElec    .         Reflect  .   (cloak currently unavailable)
rCorr    .         Harm     .   (gloves currently unavailable)
MR       .....                  (boots currently unavailable)
Stlth    +.........             t - amulet of regeneration
HPRegen  0.67/turn              (ring currently unavailable)
MPRegen  0.12/turn              (ring currently unavailable)

@: mighty, pig-form, slowed
A: small, (retaliatory headbutt)
a: Heroism, Finesse, Renounce Religion


You were on level 12 of the Dungeon.
You worshipped Okawaru.
Okawaru was extremely pleased with you.
You were not hungry.
You were a filthy swine.
You visited 2 branches of the dungeon, and saw 13 of its levels.

You collected 585 gold pieces.

Inventory:

Hand Weapons
 a - a +2 war axe (melded)
 b - a +2 morningstar of venom
 F - a +1 morningstar of holy wrath
Missiles
 i - 6 tomahawks (quivered)
 o - 7 throwing nets
 x - 5 tomahawks of returning
 C - 7 javelins
Armour
 c - a +2 shield (melded)
 l - a +0 cloak (melded)
 n - a +2 large shield
 z - the +5 ring mail of Satisfaction (melded) {Regen+}
   (You found it on level 8 of the Dungeon)

   It increases your rate of regeneration.
 D - the +2 pair of boots of the Assassin (melded) {Detection Stab+ Stlth++}
   (Okawaru gifted it to you on level 10 of the Dungeon)

   It makes you much more stealthy.
 E - a +0 chain mail of poison resistance
Jewellery
 e - a ring of flight (melded)
 t - an amulet of regeneration (around neck)
 A - an uncursed amulet of harm {unknown}
Wands
 h - a wand of scattershot (4)
 q - a wand of enslavement (13)
 s - a wand of polymorph (25)
 w - a wand of disintegration (7)
 H - a wand of flame (15)
Scrolls
 y - a scroll of fog
 I - a scroll of blinking {unknown}
Potions
 d - 4 potions of brilliance
 g - 2 potions of curing
 j - 5 potions of mutation
 k - 2 potions of resistance
 m - 3 potions of cancellation
 p - 3 potions of flight
 u - a potion of might
 v - a potion of lignification {unknown}
 B - a potion of berserk rage {unknown}
Comestibles
 f - 14 rations
 G - a chunk of flesh


   Skills:
 - Level 12.1 Fighting
 - Level 14.3 Axes
 - Level 3.6 Armour
 + Level 12.6 Shields


You had 10 spell levels left.
You didn't know any spells.
Your spell library contained the following spells:

 Spells                   Type           Power        Failure   Level  Hunger
 Animate Skeleton         Necr           N/A          47%         1    ##.....
 Infusion                 Chrm           #...         47%         1    ##.....
 Pain                     Necr           #...         47%         1    ##.....
 Shroud of Golubria       Chrm/Tloc      #.........   63%         2    ###....
 Song of Slaying          Chrm           #.......     63%         2    ###....
 Regeneration             Chrm/Necr      #.........   85%         3    ####...
 Spectral Weapon          Hex/Chrm       #.......     85%         3    ####...
 Vampiric Draining        Necr           #.........   85%         3    ####...
 Animate Dead             Necr           N/A          99%         4    #####..


Dungeon Overview and Level Annotations

Branches:
Dungeon (12/15)            Temple (1/1) D:4            Lair (0/6) D:9
    Orc (0/2) D:9

Altars:
Ashenzari
Cheibriados
Dithmenos
Elyvilon
Fedhas
Gozag
Hepliaklqana
Kikubaaqudgha
Makhleb
Nemelex Xobeh
Okawaru
Qazlal
Ru
Sif Muna
Trog
Uskayaw
Vehumet
Wu Jian
Xom
Yredelemnul
Zin
The Shining One

Annotations:
D:3 3 runed translucent doors, totalnoob's ghost, amateur GrFi
D:12 Kirke


Innate Abilities, Weirdness & Mutations

((You reflexively headbutt those who attack you in melee.))
((You have a pair of horns on your head.))


Message History

The +2 pair of boots of the Assassin {Detection Stab+ Stlth++} melds into your body.
Your +2 shield melds into your body.
The +5 ring mail of Satisfaction {Regen+} melds into your body.
Your ring of flight melds into your body.
You barely miss Kirke.
Kirke is almost dead.
The lindwurm breathes flames at you. The blast of flame hits you!!
* * * LOW HITPOINT WARNING * * *
Kirke hits you!
* * * LOW HITPOINT WARNING * * *
It was a potion of heal wounds.
You feel much better. The lindwurm bites you!
* * * LOW HITPOINT WARNING * * *
The lindwurm misses you. The lindwurm claws you!
* * * LOW HITPOINT WARNING * * *
Kirke hits you.
* * * LOW HITPOINT WARNING * * *
The lindwurm breathes flames at you. The blast of flame hits you!!
You die... #.. .# #.. .# #..#.## #.....####### $Hhh. ..#<# hhh

#.#.#
#.#####@#####.#.#
.......h........#
#.....k.#####.#######
##.####.#####.......#
#..........#.#.###.#
....###.#.###..)....#
## #.#.# #######.#
#.#.##### #.#
..#.....# #.#
#######.#####.#


You could see Kirke, a manticore, a lindwurm and 5 hogs.

Vanquished Creatures
  Harold (D:9)
  A hydra (D:7)
  2 two-headed ogres
  Urug (D:10)
  Joseph (D:8)
  The ghost of Kairos the Chopper, a novice VSFi (D:5)
  4 trolls
  A hippogriff (D:11)
  A vampire (D:11)
  A hog (D:12)
  10 yaks
  A hungry ghost (D:6)
  A wyvern (D:8)
  Menkaure (D:7)
  2 wargs (D:9)
  A soldier ant (D:8)
  3 sky beasts
  4 orc warriors
  5 ice beasts
  3 necrophages
  7 ogres
  2 phantoms
  A black bear (D:8)
  A crocodile (D:10)
  2 centaurs (D:8)
  4 bullfrogs
  3 scorpions
  A wyvern zombie (D:9)
  8 killer bees (D:7)
  5 wights (D:9)
  5 howler monkeys
  5 crimson imps
  3 centaur zombies
  A gnoll shaman (D:4)
  A centaur skeleton (D:5)
  2 hounds
  11 orc priests
  A jelly (D:5)
  Jessica (D:3)
  18 orc wizards
  5 iguanas
  7 worker ants
  4 hound zombies
  2 hound skeletons
  A mummy (D:9)
  3 worker ant zombies
  7 gnolls
  14 adders
  4 shadow imps
  An ooze (D:1)
  2 adder zombies
  An adder skeleton (D:6)
  2 worms
  2 dart slugs
  6 leopard geckos
  54 orcs
  A ball python (D:4)
  8 bats
  5 giant cockroaches
  5 goblins
  8 hobgoblins
  7 jackals
  5 quokkas
  4 frilled lizards
  A jackal skeleton (D:5)
  6 kobolds
  2 leopard gecko skeletons
  A quokka skeleton (D:6)
  A quokka zombie (D:9)
  8 rats
304 creatures vanquished.

Vanquished Creatures (others)
  A withered plant (D:9)
1 creature vanquished.

Grand Total: 305 creatures vanquished

Notes
Turn   | Place    | Note
-------+----------+-------------------------------------------
     0 | D:1      | poirepourri the Minotaur Fighter began the quest for the
                  | Orb.
     0 | D:1      | Reached XP level 1. HP: 19/19 MP: 0/0
   173 | D:1      | Reached skill level 3 in Axes
   192 | D:1      | Reached XP level 2. HP: 26/26 MP: 1/1
   376 | D:1      | Reached skill level 4 in Axes
   582 | D:1      | Reached XP level 3. HP: 31/31 MP: 2/2
  1383 | D:2      | Reached skill level 5 in Axes
  1602 | D:3      | Found a runed translucent gate.
  1602 | D:3      | Found a runed translucent gate.
  1602 | D:3      | Found a runed translucent gate.
  1633 | D:3      | Reached XP level 4. HP: 39/39 MP: 3/3
  1977 | D:3      | Noticed Jessica
  1982 | D:3      | Killed Jessica
  1982 | D:3      | Reached skill level 6 in Axes
  2041 | D:3      | Reached XP level 5. HP: 45/45 MP: 4/4
  2085 | D:3      | Noticed totalnoob's ghost (amateur GrFi)
  2216 | D:4      | Reached skill level 7 in Axes
  2733 | D:4      | Reached XP level 6. HP: 27/51 MP: 5/5
  2932 | D:4      | Reached skill level 8 in Axes
  3074 | D:4      | Found a staircase to the Ecumenical Temple.
  3096 | Temple   | Entered the Ecumenical Temple
  3338 | Temple   | Became a worshipper of Warmaster Okawaru
  3631 | D:5      | Entered Level 5 of the Dungeon
  3636 | D:5      | Reached skill level 9 in Axes
  3656 | D:5      | Reached XP level 7. HP: 46/57 MP: 6/6
  3874 | D:5      | Reached * piety under Okawaru
  3874 | D:5      | Reached skill level 10 in Axes
  3929 | D:5      | Found a runed translucent door.
  3934 | D:5      | Noticed Kairos's ghost (novice VSFi)
  4141 | D:5      | Killed Kairos's ghost
  4141 | D:5      | Reached skill level 11 in Axes
  4270 | D:6      | Reached XP level 8. HP: 64/64 MP: 7/7
  4484 | D:6      | Reached ** piety under Okawaru
  4505 | D:6      | Found a shadowy altar of Dithmenos.
  4596 | D:6      | Reached skill level 12 in Axes
  4665 | D:6      | Found a bloodstained altar of Trog.
  5217 | D:7      | Reached skill level 13 in Axes
  5234 | D:7      | Noticed Menkaure
  5243 | D:7      | Killed Menkaure
  5243 | D:7      | Reached *** piety under Okawaru
  5248 | D:7      | Reached XP level 9. HP: 30/70 MP: 8/8
  5733 | D:7      | Reached skill level 14 in Axes
  6591 | D:7      | Identified a scroll of acquirement
  6631 | D:7      | Reached skill level 5 in Fighting
  6759 | D:7      | Noticed a four-headed hydra
  6777 | D:7      | Killed a five-headed hydra
  6777 | D:7      | Reached **** piety under Okawaru
  6888 | D:7      | Found a glowing silver altar of Zin.
  7164 | D:8      | Noticed Joseph
  7174 | D:8      | Reached XP level 10. HP: 47/91 MP: 9/9
  7486 | D:8      | Killed Joseph
  7486 | D:8      | Reached ***** piety under Okawaru
  7486 | D:8      | Reached skill level 10 in Fighting
  7555 | D:8      | Got a polished ring mail
  7566 | D:8      | Identified the +5 ring mail of Satisfaction {Regen+} (You
                  | found it on level 8 of the Dungeon)
  7624 | D:8      | Found a blossoming altar of Fedhas.
  7758 | D:8      | Found an iron altar of Okawaru.
  7982 | D:8      | You fall through a shaft for 2 floors!
  7982 | D:10     | Entered Level 10 of the Dungeon
  8129 | D:10     | Noticed Urug
  8361 | D:10     | Killed Urug
  8361 | D:10     | Received a gift from Okawaru
  8362 | D:10     | Found the +2 pair of boots of the Assassin {Detection Stab+
                  | Stlth++}
  8911 | D:10     | Found a hazy altar of Hepliaklqana.
  9025 | D:9      | Reached XP level 11. HP: 104/104 MP: 10/10
  9206 | D:9      | Noticed a two-headed ogre
  9214 | D:9      | Killed a two-headed ogre
  9373 | D:9      | Reached skill level 10 in Shields
  9384 | D:9      | Found a staircase to the Lair.
  9524 | D:9      | Found a staircase to the Orcish Mines.
  9550 | D:9      | Noticed Harold
  9560 | D:9      | Killed Harold
 10549 | D:11     | Noticed a two-headed ogre
 10562 | D:11     | Killed a two-headed ogre
 10562 | D:11     | Received a gift from Okawaru
 11078 | D:12     | Noticed Kirke
 11092 | D:12     | Noticed a lindwurm
 11102 | D:12     | Killed from afar by a lindwurm

Skill      XL: |  1  2  3  4  5  6  7  8  9 10 11 |
---------------+----------------------------------+-----
Axes           | 3 4 5 6 7 9 11 13 14 | 14.3
Fighting       | 9 12 | 12.1
Shields        | 8 12 | 12.6
Armour         | |  3.6

Action                   |  1- 3 |  4- 6 |  7- 9 | 10-12 || total
-------------------------+-------+-------+-------+-------++-------
Melee: War axe           |    70 |   148 |   280 |   401 ||   899
       Headbutt          |    12 |    24 |    55 |    96 ||   187
       Morningstar       |       |       |     1 |       ||     1
       Unarmed           |       |       |       |     1 ||     1
Throw: Tomahawk          |       |       |       |     4 ||     4
Evoke: Wand              |       |       |     6 |    12 ||    18
  Use: Scroll            |     5 |     4 |    14 |     5 ||    28
       Potion            |       |     2 |     4 |     2 ||     8
  Eat: Ration            |     1 |     3 |     3 |     3 ||    10
       Chunk             |       |       |     2 |     1 ||     3
Armor: Scale mail        |    35 |    64 |    87 |    10 ||   196
       Ring mail         |       |       |       |    97 ||    97
Dodge: Dodged            |    25 |    47 |    68 |    83 ||   223
Block: Shield            |    36 |    78 |   150 |   203 ||   467
